 Dungeon Crawl Stone Soup version 0.30-a0-777-ga9a30cbeda (webtiles) character file.

Game seed: 10694917148769970564

39963 bmack86 the Severer (level 13, -7/116 HPs)
             Began as a Minotaur Fighter on Feb 14, 2023.
             Was a High Priest of Okawaru.
             Mangled by a sea snake (14 damage)
             ... on level 5 of the Lair of Beasts.
             The game lasted 00:49:47 (16715 turns).

bmack86 the Severer (Minotaur Fighter)             Turns: 16715, Time: 00:49:48

Health: -7/116     AC: 29    Str: 38    XL:     13   Next: 72%
Magic:  18/18      EV:  8    Int:  7    God:    Okawaru [*****.]
Gold:   1248       SH: 17    Dex: 13    Spells: 12/12 levels left

rFire   . . .      SeeInvis .    I - +2 broad axe
rCold   . . .      Faith    .    x - +0 kite shield
rNeg    . . .      Spirit   .    u - +0 plate armour
rPois   .          Reflect  +    J - +2 hat
rElec   .          Harm     .    n - +1 cloak {rCorr}
rCorr   +          Rampage  .    O - +1 pair of gloves
Will    .....                    l - +1 pair of boots of Watchfulness {*Slow Fly Str+6 Slay+5} Stlth
                                 G - amulet "Qunuh" {Reflect Int+2 SH+5}
HPRegen 0.39/turn                H - ring "Beyxucoac" {Str+6 Dex+3}
MPRegen 0.16/turn                N - +4 ring of protection

@: lethally poisoned (-7 -> -56), flying, studying 2 skills
A: horns 2, retaliatory headbutt
a: Renounce Religion, Heroism, Finesse, Duel


You were on level 5 of the Lair of Beasts.
You worshipped Okawaru.
Okawaru was extremely pleased with you.
You visited 3 branches of the dungeon, and saw 17 of its levels.
You also visited: Sewer and Bailey.

You collected 1248 gold pieces.

Inventory:

Hand Weapons
 z - a +3 war axe of freezing
 I - a +2 broad axe (weapon)
 Q - a +1 broad axe of pain
Missiles
 e - 9 javelins
 i - 57 poisoned darts
 m - 13 boomerangs (quivered)
 P - 6 silver javelins
Armour
 l - the +1 pair of boots of Watchfulness (worn) {*Slow Fly Str+6 Slay+5}
   (Okawaru gifted it to you on level 11 of the Dungeon)

   Str:       It affects your strength (+6).
   Slay:      It affects your accuracy & damage with ranged weapons and melee
   (+5).
   Fly:       It grants you flight.
   *Slow:     It may slow you when you take damage.
 n - a +1 cloak of preservation (worn)
 u - a +0 plate armour (worn)
 x - a +0 kite shield (worn)
 C - a +0 tower shield
 J - a +2 hat (worn)
 O - a +1 pair of gloves (worn)
 Y - the -2 pair of gloves of Orthodoxy {Will++ MP+9}
   (Okawaru gifted it to you on level 4 of the Lair of Beasts)

   MP:        It affects your magic capacity (+9).
   Will:      It greatly increases your willpower.
Jewellery
 k - a ring of poison resistance
 A - a +5 ring of evasion
 B - a ring of fire
 G - the amulet "Qunuh" (around neck) {Reflect Int+2 SH+5}
   (You acquired it in a bailey)

   [amulet of reflection]

   It reflects blocked missile attacks.
   Int:       It affects your intelligence (+2).
   SH:        It affects your SH (+5).
 H - the ring "Beyxucoac" (left hand) {Str+6 Dex+3}
   (You acquired it on level 9 of the Dungeon)

   [ring of strength]

   Str:       It affects your strength (+6).
   Dex:       It affects your dexterity (+3).
 N - a +4 ring of protection (right hand)
 T - a ring of ice
 V - a +4 ring of protection
Wands
 j - a wand of quicksilver (8)
 w - a wand of digging (13)
 y - a wand of flame (35)
 D - a wand of paralysis (20)
Scrolls
 p - 2 scrolls of fear
 q - 9 scrolls of teleportation
 F - 7 scrolls of poison
 R - a scroll of fog
 S - 2 scrolls of silence
 U - a scroll of blinking
 X - 3 scrolls of identify
Potions
 c - a potion of berserk rage
 d - 2 potions of might
 f - 5 potions of heal wounds
 h - 4 potions of curing
 r - a potion of flight
 s - 5 potions of magic
 E - 2 potions of ambrosia
 L - 4 potions of invisibility


   Skills:
 + Level 11.3 Fighting
 * Level 15.2 Axes
 * Level 9.1 Throwing
 + Level 13.0 Armour
 * Level 13.2 Shields
 + Level 8.3 Invocations


You had 12 spell levels left.
You didn't know any spells.
Your spell library contained the following spells:

 Spells                   Type           Power      Damage    Failure   Level
 Freeze                   Ice            0%         1d3       98%         1
 Magic Dart               Conj           0%         1d3       98%         1
 Slow                     Hex            0%         N/A       98%         1
 Blink                    Tloc           0%         N/A       99%         2
 Lesser Beckoning         Tloc           0%         N/A       99%         2
 Momentum Strike          Conj/Tloc      0%         3d8       99%         2
 Searing Ray              Conj           0%         2d4       99%         2
 Sublimation of Blood     Necr           0%         N/A       99%         2
 Wereblood                Tmut           0%         N/A       99%         2
 Confusing Touch          Hex            0%         N/A       100%        3
 Frozen Ramparts          Ice            0%         1d1       100%        3
 Gell's Gravitas          Tloc           0%         N/A       100%        3
 Hailstorm                Conj/Ice       0%         3d3       100%        3
 Ignite Poison            Fire/Tmut/Pois 0%         N/A       100%        3
 Kindle Blastsparks       Fire/Tloc/Air  0%         2d10      100%        3
 Stone Arrow              Conj/Erth      0%         3d7       100%        3
 Teleport Other           Tloc           0%         N/A       100%        3
 Vampiric Draining        Necr           0%         2d6       100%        3
 Fulminant Prism          Conj/Hex       0%         3d5       100%        4
 Iskenderun's Mystic Bla  Conj/Tloc      0%         2d3       100%        4
 Sticky Flame             Conj/Fire      0%         2d3       100%        4
 Blade Hands              Tmut           0%         N/A       100%        5
 Freezing Cloud           Conj/Ice/Air   0%         6-21      100%        5
 Lee's Rapid Deconstruct  Erth           0%         3d4*      100%        5
 Iron Shot                Conj/Erth      0%         9d1       100%        6
 Ignition                 Fire           0%         3d3       100%        8
 Lehudib's Crystal Spear  Conj/Erth      0%         10d2      100%        8
 Animate Armour           Summ/Erth      Unusable   N/A       N/A         4
 Summon Hydra             Summ           Unusable   N/A       N/A         7

Dungeon Overview and Level Annotations

Branches:
Dungeon (11/15)            Temple (1/1) D:5            Lair (5/5) D:11
  Swamp (0/4) Lair:2       Spider (0/4) Lair:2        Slime (0/5) Lair:5
    Orc (0/2) D:10          Sewer (visited)          Bailey (visited)

Altars:
Ashenzari
Cheibriados
Dithmenos
Elyvilon
Fedhas
Gozag
Hepliaklqana
Kikubaaqudgha
Makhleb
Nemelex Xobeh
Okawaru
Qazlal
Ru
Sif Muna
Trog
Uskayaw
Vehumet
Wu Jian
Xom
Yredelemnul
Zin
The Shining One

Annotations:
D:4 exclusion: oklob plant


Innate Abilities, Weirdness & Mutations

You have a pair of horns on your head.
You reflexively headbutt those who attack you in melee.


Message History

You block the sea snake's attack.
You slash the snapping turtle!
You headbutt the snapping turtle, but do no damage.
The snapping turtle is moderately wounded.
You hit the sea snake. You slash the sea snake! You hit the harpy.
You slice the sea snake!! You slice the wind drake!!
You feel extremely sick.
You hear a trumpeting!
The harpy claws you. You block the harpy's attack.
The wind drake bites you but does no damage.
You block the harpy's attack. x2
The sea snake bites you but does no damage.
The sea snake bites you.
You are lethally poisoned!
The sea snake poisons you!
The sea snake bites you but does no damage.
The snapping turtle barely misses you. The wind drake bites you!
You slash the snapping turtle! You headbutt the snapping turtle!
The snapping turtle is severely wounded.
You slash the harpy! You hit the sea snake. You completely miss the wind drake.
You slash the sea snake! You hit the sea snake.
* * * LOW HITPOINT WARNING * * *
You feel extremely sick.
You block the harpy's attack. x2; The sea snake bites you!
* * * LOW HITPOINT WARNING * * *
You block the sea snake's attack. The sea snake barely misses you.
The snapping turtle bites you but does no damage.
The harpy claws you but does no damage. x2
The wind drake flaps its wings at you. The air twists around and strikes you.
The sea snake bites you but does no damage. x2
You feel much better.
* * * LOW HITPOINT WARNING * * *
You feel extremely sick. You block the sea snake's attack.
The harpy barely misses you. The harpy claws you but does no damage.
The snapping turtle bites you!
* * * LOW HITPOINT WARNING * * *
The wind drake barely misses you. You block the sea snake's attack. x2
The sea snake bites you!
You die...

####~~~P ... ~~P~⌠#.~##..#.#
~.~~~#~~##~.<. ##~~...~~~.#.#
)~~~~~#~P~~..## #P~~#~H~#~P..# .
#~.~.Stk#~..P# #####..
#S@~~.P.#####.#.##.
#~S~~~..P##.##.#.#. ~~
#~H~#~...^......... ~~
#~~~#~..#.#P.P#..#.
###~##########~~~~....##..##..#.
#8~~~~P~~.~~8#~~~~~..#########..
~#~~~~~~.P~.~~#P~~#~....# ##.
~#~~~~~~~~~~~.~~~~~~(..## #..
~~#~~~#.~~~~~#~..P.~..## ###
##..


You could see 3 sea snakes, a snapping turtle, a wind drake (repels missiles), a
manticore and a harpy.

Vanquished Creatures
  Fannar (Lair:3)
  2 two-headed ogres (D:11)
  Urug (Lair:3)
  2 tengu warriors (D:11)
  Nergalle (D:10)
  Amaemon (Lair:3)
  2 bog bodies (Lair:2)
  A skyshark (Lair:4)
  An orc knight (Bailey)
  An oklob plant (Lair:5)
  4 manticores
  3 black mambas
  A torpor snail (Lair:1)
  A gargoyle (D:11)
  9 cane toads
  An unseen horror (D:11)
  An orange demon (Lair:3)
  6 rime drakes
  10 komodo dragons
  3 kobold demonologists
  2 efreet (D:11)
  4 trolls
  2 burning bushes (Lair:3)
  3 polar bears
  Grinder (D:6)
  2 hornets
  14 blink frogs
  9 dream sheep
  A jumping spider (Lair:2)
  2 slime creatures (D:11)
  A vampire (D:11)
  2 wraiths
  3 wyverns
  33 yaks
  2 shadows (D:11)
  2 basilisks
  3 vampire mosquitoes (D:10)
  6 steam dragons
  Menkaure (D:7)
  7 water moccasins
  10 orc warriors
  A sky beast (D:7)
  2 black bears
  An ogre (D:6)
  7 wolves
  A phantom (D:6)
  3 centaurs
  4 kobold brigands
  4 necrophages
  3 gnoll sergeants
  11 bullfrogs
  5 scorpions
  5 wights
  13 killer bees
  6 electric eels
  7 howler monkeys
  6 jellies
  A lava snake (D:7)
  2 orc priests
  3 hounds
  Crazy Yiuf (D:7)
  5 iguanas
  9 orc wizards
  17 gnolls
  24 adders
  A river rat (Sewer)
  A shadow imp (D:8)
  3 white imps
  An ufetubus (D:5)
  6 worms
  5 dart slugs
  30 orcs
  19 endoplasms
  8 giant cockroaches
  20 goblins
  12 hobgoblins
  4 jackals (D:2)
  16 kobolds
  3 quokkas
  5 ball pythons
  8 bats
  4 frilled lizards
  12 rats
461 creatures vanquished.

Vanquished Creatures (others)
  A meliai simulacrum (D:11)
  A scorpion (D:7)
  2 shadow imps (D:7)
  28 fungi
  51 plants
83 creatures vanquished.

Grand Total: 544 creatures vanquished

Notes
Turn   | Place    | Note
-------+----------+-------------------------------------------
     0 | D:1      | bmack86 the Minotaur Fighter began the quest for the Orb.
     0 | D:1      | Reached XP level 1. HP: 19/19 MP: 0/0
     6 | D:1      | Noticed a swamp worm
     6 | D:1      | Noticed a salamander
     6 | D:1      | Noticed a hound
     7 | D:1      | Noticed a snapping turtle
     7 | D:1      | Noticed a five-headed hydra
    89 | D:1      | Reached XP level 2. HP: 27/27 MP: 1/1
   101 | D:1      | Reached skill level 3 in Axes
   449 | D:1      | Reached XP level 3. HP: 30/33 MP: 2/2
   819 | D:2      | Reached XP level 4. HP: 33/40 MP: 3/3
  1162 | D:2      | Reached skill level 4 in Axes
  1249 | D:2      | Reached skill level 1 in Throwing
  1586 | D:3      | Reached XP level 5. HP: 10/47 MP: 4/4
  1831 | D:3      | Found a faded altar of an unknown god.
  1854 | D:3      | Reached XP level 6. HP: 34/55 MP: 5/5
  2398 | D:4      | Found a blossoming altar of Fedhas.
  2412 | D:4      | Noticed an oklob plant
  2504 | D:4      | Reached skill level 5 in Axes
  2671 | D:4      | Noticed an orc warrior
  2676 | D:4      | Killed an orc warrior
  2677 | D:4      | Reached skill level 5 in Fighting
  2691 | D:4      | Reached skill level 5 in Armour
  2691 | D:4      | Reached skill level 5 in Shields
  2717 | D:4      | Reached XP level 7. HP: 51/61 MP: 6/6
  2732 | D:4      | Reached skill level 6 in Axes
  2790 | D:4      | Found a glowing drain.
  2799 | Sewer    | Entered a sewer
  2961 | Sewer    | Found a viscous altar of Jiyva.
  3779 | D:5      | Entered Level 5 of the Dungeon
  4282 | D:5      | Found a staircase to the Ecumenical Temple.
  4297 | Temple   | Entered the Ecumenical Temple
  4330 | Temple   | Became a worshipper of Warmaster Okawaru
  4946 | D:6      | Reached skill level 7 in Axes
  4946 | D:6      | Reached XP level 8. HP: 54/70 MP: 7/7
  4952 | D:6      | Reached skill level 1 in Invocations
  5285 | D:6      | Reached * piety under Okawaru
  5315 | D:6      | Noticed Grinder
  5321 | D:6      | Paralysed by Grinder for 2 turns
  5328 | D:6      | Killed Grinder
  5329 | D:6      | Reached skill level 8 in Axes
  5479 | D:6      | Found a snail-covered altar of Cheibriados.
  5628 | D:6      | Reached XP level 9. HP: 68/78 MP: 9/9
  5894 | D:6      | Reached ** piety under Okawaru
  6251 | D:7      | Reached skill level 9 in Axes
  6544 | D:7      | Found a flagged portal.
  6562 | Bailey   | Entered a bailey
  6671 | Bailey   | Reached skill level 5 in Throwing
  6960 | Bailey   | Noticed a kobold demonologist
  6975 | Bailey   | Killed a kobold demonologist
  6975 | Bailey   | Reached *** piety under Okawaru
  6976 | Bailey   | Reached XP level 10. HP: 44/86 MP: 10/12
  7108 | Bailey   | Acquired the amulet "Qunuh" {Reflect Int+2 SH+5}
  7146 | Bailey   | Noticed an orc knight
  7159 | Bailey   | Killed an orc knight
  7160 | Bailey   | Reached skill level 10 in Axes
  7479 | Bailey   | Found an iron altar of Okawaru.
  7482 | Bailey   | Noticed an orange demon
  7494 | Bailey   | Noticed a sun demon
  7564 | Bailey   | Acquired 300 gold pieces
  7609 | D:7      | Noticed Menkaure
  7619 | D:7      | Killed Menkaure
  7909 | D:7      | Found a white marble altar of Elyvilon.
  8049 | D:7      | Found a shimmering blue altar of Sif Muna.
  8236 | D:7      | Found a runed translucent door.
  8237 | D:7      | Noticed Crazy Yiuf
  8242 | D:7      | Killed Crazy Yiuf
  8419 | D:8      | Received a gift from Okawaru
  8684 | D:8      | Reached **** piety under Okawaru
  8705 | D:8      | Reached skill level 5 in Invocations
  8707 | D:8      | Reached skill level 11 in Axes
  8762 | D:8      | Found a hazy altar of Hepliaklqana.
  9070 | D:8      | Found an opulent altar of Gozag.
  9386 | D:9      | Found a burning altar of Makhleb.
  9402 | D:9      | Acquired the ring "Beyxucoac" {Str+6 Dex+3}
  9537 | D:9      | Acquired a +4 ring of protection
  9758 | D:10     | Entered Level 10 of the Dungeon
  9816 | D:10     | Reached XP level 11. HP: 75/95 MP: 14/14
  9901 | D:10     | Found a stormy altar of Qazlal.
  9916 | D:10     | Noticed a sea snake
  9972 | D:10     | Noticed Nergalle
  9982 | D:10     | Killed Nergalle
 10025 | D:10     | Found a staircase to the Orcish Mines.
 10055 | D:10     | Reached ***** piety under Okawaru
 10216 | D:10     | You fall into a shaft and drop 1 floor!
 10246 | D:11     | Found a staircase to the Lair.
 10432 | D:11     | Found a shadowy altar of Dithmenos.
 10437 | D:11     | Reached skill level 12 in Axes
 10732 | D:10     | Found a sacrificial altar of Ru.
 10803 | D:10     | Received a gift from Okawaru
 10942 | D:10     | Acquired a manual of Armour
 11067 | D:11     | Noticed a two-headed ogre
 11074 | D:11     | Killed a two-headed ogre
 11091 | D:11     | Identified the +1 pair of boots of Watchfulness {*Slow Fly
                  | Str+6 Slay+5} (Okawaru gifted it to you on level 11 of the
                  | Dungeon)
 11091 | D:11     | Received a gift from Okawaru
 11114 | D:11     | Noticed a two-headed ogre
 11119 | D:11     | Killed a two-headed ogre
 11123 | D:11     | Reached skill level 10 in Shields
 11148 | D:11     | Reached skill level 10 in Armour
 11153 | D:11     | Noticed a tengu warrior
 11160 | D:11     | Killed a tengu warrior
 11160 | D:11     | Identified the +8 lajatang "Viat" {drain, rC+ rCorr Str+3
                  | Dex-4 Stlth+}
 11160 | D:11     | Identified the ring "Gingu" {rN+ Int+2}
 11160 | D:11     | Noticed a tengu warrior
 11172 | D:11     | Killed a tengu warrior
 11173 | D:11     | Reached XP level 12. HP: 42/106 MP: 15/15
 11175 | D:11     | Identified the +6 demon whip "Lofaimon" {venom, Int-3
                  | Dex+8}
 11649 | D:11     | Reached skill level 13 in Axes
 11661 | D:11     | Found the +10 Black Knight's barding {ponderous, rPois rN+}
 11833 | Lair:1   | Entered Level 1 of the Lair of Beasts
 11979 | Lair:1   | Reached skill level 10 in Fighting
 12735 | Lair:1   | Received a gift from Okawaru
 13449 | Lair:2   | Found a hole to the Spider Nest.
 13482 | Lair:2   | Reached skill level 14 in Axes
 13763 | Lair:2   | Found a staircase to the Swamp.
 13773 | Lair:2   | Received a gift from Okawaru
 14305 | Lair:3   | Noticed Urug
 14311 | Lair:3   | Noticed Fannar
 14315 | Lair:3   | Reached XP level 13. HP: 96/114 MP: 14/17
 14317 | Lair:3   | Killed Urug
 14327 | Lair:3   | Killed Fannar
 14586 | Lair:3   | Noticed Amaemon
 14600 | Lair:3   | Killed Amaemon
 14842 | Lair:3   | Received a gift from Okawaru
 15718 | Lair:4   | Identified the -2 pair of gloves of Orthodoxy {Will++ MP+9}
                  | (Okawaru gifted it to you on level 4 of the Lair of Beasts)
 15718 | Lair:4   | Received a gift from Okawaru
 16047 | Lair:4   | Reached skill level 15 in Axes
 16050 | Lair:4   | Reached ****** piety under Okawaru
 16232 | Lair:4   | Identified the +8 quarterstaff of Ilixzatz {venom, rF+ rN+
                  | Str+2 Dex+3}
 16439 | Lair:5   | Entered Level 5 of the Lair of Beasts
 16468 | Lair:5   | Found a shimmering altar of Xom.
 16599 | Lair:5   | Found a staircase to the Slime Pits.
 16715 | Lair:5   | Mangled by a sea snake

Illustrated notes

Levels and vault maps discovered:
D:1:      onia_arrival_zoo_common, layout_loops_cross, minmay_domino_4
D:2:      layout_loops_cross, minmay_goblin_outpost
D:3:      cheibrodos_pilgrimage, layout_basic,
          shapermc_ecumenical_altar_mp_highgroup
D:4:      layout_gridville, tgw_fedhas, portal_sewer_entry_d,
          minmay_joined_circles
D:5:      layout_loops_corners, minmay_temple_entry_mini_moons,
          kennysheep_cluttered_room
D:6:      wad_crossroads, layout_cave_pools, slow_altar_1, uniq_grinder
D:7:      layout_cave_pools, nicolae_elyvilon_peaceful_grove,
          nicolae_sif_muna_condensation, enter_bailey_3, kennysheep_flooded_box,
          lemuel_flamethrower_2, uniq_crazy_yiuf_cottage, uniq_menkaure
D:8:      layout_cave_pools, mainiacjoe_overflow_cross_hatched,
          kennysheep_little_box
D:9:      layout_roguey, bloody_makhleb
D:10:     layout_basic, grunt_qazlal_clouds, mainiacjoe_overflow_alcove_4,
          orc_0_dummy, serial_aquarium, aquarium_bridge_straight
          [aquarium_subvault_bridge, aquarium_subvault_wall,
          aquarium_subvault_bridge, aquarium_subvault_window],
          aquarium_window_1, aquarium_window_fake, aquarium_view_2e,
          aquarium_view_2a, aquarium_pool_side, kennysheep_minor_cross,
          minivault_21, minmay_misc_feat_tiny, minivault_22, uniq_nergalle
D:11:     minmay_the_grid_triangle_9x9_line_8_mashed
          [minmay_the_grid_triangle_9x9_flanged_cone,
          minmay_the_grid_triangle_9x9_zippers_vertical,
          minmay_the_grid_triangle_9x9_minimal,
          minmay_the_grid_triangle_9x9_empty,
          minmay_the_grid_triangle_9x9_semitri,
          minmay_the_grid_triangle_9x9_corrupted_corridor,
          minmay_the_grid_triangle_9x9_wacky_v,
          minmay_the_grid_triangle_9x9_prize_schism], layout_basic,
          lair_entry_dummy, grunt_dithmenos_shadows
Temple:   nicolae_temple_ecumenical_triangle
Lair:1:   minmay_lair_venomous_thicket, layout_cave_pods, minivault_25,
          beast_lair_carwin_10
Lair:2:   layout_cave_pods, skrybe_swamp_entry_bodies, spider_nest_entry_rubble,
          beast_lair_carwin_5, serial_bayou_shore_b
Lair:3:   layout_regular_city, evilmike_ambush [evilmike_ambush_outer_pillars,
          evilmike_ambush_inner_wall_2], grunt_megastairs_5, uniq_fannar,
          uniq_urug, uniq_amaemon
Lair:4:   layout_cave_pods, serial_bayou_shore_a, infiniplex_staircase_pool
Lair:5:   gammafunk_lair_ancient_temple, layout_small_grid,
          minmay_slime_entry_oklob_open, basic_altar, gauntlet_entry_generic,
          uniq_sonja

Skill      XL: |  1  2  3  4  5  6  7  8  9 10 11 12 13 |
---------------+----------------------------------------+-----
Axes           | 3 4 5 7 8 9 11 12 14 15 | 15.2
Fighting       | 4 5 6 7 8 9 10 11 | 11.3
Armour         | 4 5 6 7 8 10 11 13 | 13.0
Shields        | 4 5 6 7 8 10 12 13 | 13.2
Throwing       | 1 2 3 4 5 6 7 8 9 |  9.1
Invocations    | 2 4 5 6 7 8 |  8.3

Action                     |  1- 3 |  4- 6 |  7- 9 | 10-12 | 13-15 || total
---------------------------+-------+-------+-------+-------+-------++-------
  Melee: War axe           |    87 |    90 |   280 |   381 |   111 ||   949
         Headbutt          |    11 |    20 |    34 |    77 |    43 ||   185
         Broad axe         |       |       |       |       |    38 ||    38
  Throw: Javelin           |     1 |     1 |    17 |    13 |       ||    32
         Dart              |       |       |       |     9 |       ||     9
         Boomerang         |       |       |       |       |     7 ||     7
 Invoke: Heroism           |       |       |     1 |     9 |     2 ||    12
         Finesse           |       |       |       |       |     1 ||     1
    Use: Scroll            |     1 |     8 |     8 |    16 |     1 ||    34
         Potion            |       |     1 |       |     3 |     1 ||     5
 Armour: Scale mail        |    21 |       |       |       |       ||    21
         Chain mail        |    46 |    63 |    22 |       |       ||   131
         Plate armour      |       |       |   156 |   214 |    74 ||   444
  Dodge: Dodged            |    58 |    53 |   126 |   101 |    31 ||   369
  Block: Buckler           |    26 |    23 |    48 |       |       ||    97
         Kite shield       |       |       |    31 |   390 |   128 ||   549
         Reflection        |       |       |       |    12 |     2 ||    14

Table legend: (Time is in decaauts)
 A = Elapsed time spent in this place.
 B = Non-inter-level travel time spent in this place.
 C = Inter-level travel time spent in this place.
 D = Time resting spent in this place.
 E = Time spent auto-exploring this place.
 F = Levels seen in this place.
 G = Mean time per level.
                   A        B        C        D        E       F      G
               +--------+--------+--------+--------+--------+-----+--------+
         Total |  16877 |  16514 |    363 |   1260 |  10537 |  19 |  888.3 |
       Dungeon |  10563 |  10246 |    317 |    528 |   6791 |  11 |  960.3 |
        Temple |     58 |     58 |      0 |      0 |      0 |   1 |   58.0 |
          Lair |   4870 |   4824 |     46 |    318 |   3490 |   5 |  974.0 |
         Sewer |    349 |    349 |      0 |      0 |    140 |   1 |  349.0 |
        Bailey |   1034 |   1034 |      0 |    414 |    116 |   1 | 1034.0 |
               +--------+--------+--------+--------+--------+-----+--------+

Top non-repeatable levels by time:
     D:6: 1316 daAuts
    D:11: 1278 daAuts
  Lair:1: 1267 daAuts
  Lair:2: 1221 daAuts
     D:7: 1168 daAuts
     D:4: 1129 daAuts
     D:5: 1103 daAuts
  Lair:3: 1101 daAuts
  Bailey: 1034 daAuts
  Lair:4: 1021 daAuts
     D:3: 836 daAuts
     D:2: 814 daAuts
    D:10: 802 daAuts
     D:1: 763 daAuts
     D:8: 685 daAuts
